 Dungeon Crawl Stone Soup version 0.29.0-4-gdea44cf6ec (webtiles) character file.

Game seed: 10200811362133049369

278548 sanka the Acrobat (level 19, -13/120 HPs)
             Began as a Felid Delver on Aug 27, 2022.
             Was the Champion of Okawaru.
             Mangled by a vault warden
             ... wielding a +0 great sword
              (55 damage)
             ... on level 4 of the Vaults.
             The game lasted 02:50:21 (50513 turns).

sanka the Acrobat (Felid Delver)                   Turns: 50513, Time: 02:50:22

Health: -13/120    AC: 30    Str:  8    XL:     19   Next: 63%
Magic:  34/34      EV: 46    Int: 17    God:    Okawaru [******]
Gold:   3081       SH:  0    Dex: 20    Spells: 5/38 levels left
                                        Lives:  0   Deaths: 2

rFire   . . .      SeeInvis +     - Unarmed
rCold   + . .      Faith    .   (shield unavailable)
rNeg    + . .      Spirit   .   (body armour unavailable)
rPois   ∞          Reflect  .   (helmet unavailable)
rElec   +          Harm     .   (cloak unavailable)
rCorr   .          Rampage  .   (gloves unavailable)
Will    +++..                   (boots unavailable)
Stlth   +++++.....              P - amulet of Fugunt {RegenMP rElec rC+ Regen+}
HPRegen 1.10/turn               v - +4 ring of evasion
MPRegen 0.64/turn               W - +4 ring of protection

@: statue-form, heroic, very slow
A: slow and powerful, torment resistance 1, boosted hp, very small, claws 1,
fangs 3, see invisible, (speed 1), (shaggy fur 3), stealthy paws, no weapons or
thrown items, no armour, multi-lived, strong-willed 1, poison resistance
}: 2/15 runes: decaying, gossamer
a: End Transformation, Renounce Religion, Heroism, Finesse, Duel


You were on level 4 of the Vaults.
You worshipped Okawaru.
Okawaru was exalted by your worship.
You were a living statue of rough stone.
You visited 7 branches of the dungeon, and saw 35 of its levels.
You also visited: Ossuary, Bailey, Gauntlet, Ice Cave and Volcano.

You collected 6769 gold pieces.
You spent 3688 gold pieces at shops.


Innate Abilities, Weirdness & Mutations

You are a living statue of rough stone.
Your actions are slow, but your melee attacks are powerful.
You are resistant to unholy torment.
Your maximum health is greatly increased.
You have sharp claws.
You have razor-sharp teeth.
You have supernaturally acute eyesight. (SInv)
((You cover ground quickly. (Speed+)))
((Your thick and shaggy fur keeps you warm. (AC +3, rC+)))
Your paws help you pounce on unaware monsters.
You are incapable of wielding weapons or throwing items.
You cannot wear armour.
You gain extra lives every three experience levels.
You are strong-willed. (Will+)
Your system is resistant to poisons. (rPois)


   Skills:
 - Level 15.0(20.0) Fighting
 - Level 22.0(27) Dodging
 - Level 6.6(11.6) Stealth
 - Level 22.0(27) Unarmed Combat
 - Level 10.0 Spellcasting
 - Level 4.0 Conjurations
 - Level 8.0 Hexes
 - Level 4.0 Translocations
 + Level 18.4 Transmutations
 - Level 3.0 Air Magic
 - Level 10.0 Earth Magic
 - Level 10.0 Invocations
 - Level 4.0 Evocations


You had 5 spell levels left.
You knew the following spells:

 Your Spells              Type           Power      Damage    Failure   Level
b - Blink                 Tloc           44%        N/A       2%          2
s - Swiftness             Air            18%        N/A       8%          3
x - Petrify               Tmut/Erth      54%        N/A       1%          4
y - Dragon Form           Tmut           31%        N/A       3%          7
z - Slow                  Hex            100%       N/A       1%          1
C - Irradiate             Conj/Tmut      23%        3d19      2%          5
N - Passwall              Tmut/Erth      45%        N/A       1%          2
X - Statue Form           Tmut/Erth      36%        N/A       3%          6
Z - Confusing Touch       Hex            35%        N/A       1%          3

Your spell library contained the following spells:

 Spells                   Type           Power      Damage    Failure   Level
 Ignite Poison            Fire/Tmut/Pois 29%        N/A       1%          3
 Ice Form                 Ice/Tmut       39%        N/A       1%          4
 Blade Hands              Tmut           31%        N/A       1%          5
 Ensorcelled Hibernation  Hex/Ice        44%        N/A       2%          2
 Dazzling Flash           Conj/Hex       56%        N/A       2%          3
 Foxfire                  Conj/Fire      60%        2x1d7     3%          1
 Lee's Rapid Deconstruct  Erth           21%        3d13*     3%          5
 Gell's Gravitas          Tloc           22%        N/A       4%          3
 Inner Flame              Hex/Fire       22%        N/A       4%          3
 Lesser Beckoning         Tloc           22%        N/A       4%          3
 Teleport Other           Tloc           22%        N/A       4%          3
 Fulminant Prism          Conj/Hex       14%        3d9       7%          4
 Necrotise                Necr           32%        1d5       9%          1
 Mephitic Cloud           Conj/Pois/Air  16%        N/A       10%         3
 Conjure Flame            Conj/Fire      15%        6-21      11%         3
 Iskenderun's Mystic Bla  Conj/Tloc      22%        2d6       16%         4
 Passage of Golubria      Tloc           22%        N/A       16%         4
 Frozen Ramparts          Ice            16%        1d3       26%         3
 Vampiric Draining        Necr           8%         2d6       26%         3
 Flame Wave               Conj/Fire      15%        2d7       36%         4
 Sticky Flame             Conj/Fire      15%        2d4       36%         4
 Manifold Assault         Tloc           22%        N/A       41%         5
 Metabolic Englaciation   Hex/Ice        11%        N/A       41%         5
 Freezing Cloud           Conj/Ice/Air   8%         6-21      67%         5
 Agony                    Necr           8%         N/A       93%         5
 Storm Form               Tmut/Air       22%        N/A       65%         7
 Dispersal                Tloc           11%        N/A       94%         6
 Summon Ice Beast         Ice/Summ       Unusable   N/A       N/A         4
 Malign Gateway           Summ/Tloc      Unusable   N/A       N/A         7

Inventory:

Jewellery
 d - a ring of wizardry
 g - a ring of ice
 o - a ring of wizardry
 r - a ring of flight
 s - a ring of willpower
 v - a +4 ring of evasion (left paw)
 y - a ring of protection from fire
 A - a ring of protection from fire
 F - a ring of resist corrosion
 G - a +4 ring of slaying
 P - the amulet of Fugunt (around neck) {RegenMP rElec rC+ Regen+}

   [amulet of magic regeneration]

   It increases your rate of magic regeneration.
   rC:        It protects you from cold.
   rElec:     It insulates you from electricity.
   Regen:     It increases your rate of health regeneration.
 S - a ring of poison resistance
 T - an amulet of guardian spirit
 U - an amulet of reflection
 V - a +6 ring of strength
 W - a +4 ring of protection (right paw)
Wands
 e - a wand of digging (9)
 f - a wand of flame (49)
 u - a wand of iceblast (50)
 w - a wand of acid (28)
 x - a wand of polymorph (12)
 I - a wand of mindburst (54)
Scrolls
 a - a scroll of fog
 b - 5 scrolls of magic mapping
 c - 10 scrolls of fear
 h - 25 scrolls of teleportation {@r4}
 p - a scroll of silence {!r}
 q - 5 scrolls of vulnerability {!r}
 J - 13 scrolls of amnesia
 M - 6 scrolls of poison {!r}
 N - 5 scrolls of blinking
 O - 9 scrolls of immolation {!r}
 R - 5 scrolls of torment {!r}
Potions
 i - 5 potions of cancellation
 j - 6 potions of might
 k - 4 potions of haste {@q3}
 l - 5 potions of flight
 m - 3 potions of invisibility
 n - 10 potions of curing {@q1}
 t - 9 potions of lignification {!q}
 z - 16 potions of ambrosia
 B - 5 potions of mutation {!q}
 C - 4 potions of resistance
 D - 7 potions of heal wounds {@q2}
 E - 11 potions of brilliance
 H - 4 potions of magic
 K - 6 potions of berserk rage {!q}
 L - 7 potions of attraction {!q}
Miscellaneous
 Q - a tin of tremorstones (1/2)
 X - a lightning rod (4/4)
 Z - a condenser vane

Dungeon Overview and Level Annotations

Branches:
Dungeon (15/15)            Temple (1/1) D:5            Lair (5/5) D:9
  Swamp (4/4) Lair:2       Spider (4/4) Lair:3        Slime (0/5) Lair:4
    Orc (2/2) D:9             Elf (0/3) Orc:2        Vaults (4/5) D:13
  Crypt (0/3) Vaults:2     Depths (0/4) D:15        Ossuary (visited)
 Bailey (visited)           IceCv (visited)         Volcano (visited)
Gauntlet (visited)

Altars:
Ashenzari
Cheibriados
Dithmenos
Elyvilon
Fedhas
Gozag
Hepliaklqana
Kikubaaqudgha
Makhleb
Nemelex Xobeh
Okawaru
Qazlal
Ru
Sif Muna
Trog
Uskayaw
Vehumet
Wu Jian
Xom
Yredelemnul
Zin
The Shining One
Jiyva

Shops:
D:3 *   D:15 ?   Orc:2 =*[(   Vaults:3 :*   Vaults:4 *[[*(

Portals:
Abyss: D:3
Trove: D:13 (show abyssal rune of Zot)

Annotations:
D:7 3 runed translucent doors, exclusion: 3 doors, PigKeeper's ghost, novice MeTm

▒....▒ ▒....▒ ▒
▒....▒▒▒▒▒▒▒▒ ▒
▒....▒......▒ ▒
▒....▒......▒ ▒
▒....▒......▒▒▒▒▒▒▒.
▒....▒......pp......
▒....+....)8▒p▒..p▒.
▒....▒......▒Op. ...
▒....▒......▒..... .
▒....▒......▒▒▒▒▒▒▒
▒▒▒▒ ▒....▒....∩.▒
...▒▒▒....▒......▒
▒▒▒▒▒▒▒▒▒▒▒▒
....▒▒....▒......▒
▒.▒▒.▒▒.▒▒.▒
....▒▒....▒......▒
▒..........▒
...?▒▒....▒......▒
▒...8..8...▒


You could see an ironbound preserver and a vault warden (strong).


Message History

The tengu reaver is severely wounded.
The tengu reaver hits you with a +0 halberd.
* * * LOW HITPOINT WARNING * * *
The tengu reaver completely misses you. The tengu reaver completely misses you.
Unknown command.
You eviscerate the tengu reaver!!!
You kill the tengu reaver!
Okawaru accepts your kill.
The runic seal fades away.
The ironbound thunderhulk completely misses you.
Unknown command.
You scratch the ironbound thunderhulk. You claw the ironbound thunderhulk.
The ironbound thunderhulk is lightly wounded.
The vault guard misses you.
You claw the ironbound thunderhulk! You claw the ironbound thunderhulk!
You bite the ironbound thunderhulk.
The ironbound thunderhulk is heavily wounded.
The ironbound thunderhulk barely misses you.
Unknown command.
You claw the ironbound thunderhulk!
The ironbound thunderhulk is severely wounded.
You mangle the ironbound thunderhulk!! You claw the ironbound thunderhulk.
You kill the ironbound thunderhulk!
Okawaru accepts your kill.
The vault warden hits you with a +0 great sword!!!
You die...

Action                   |  1- 3 |  4- 6 |  7- 9 | 10-12 | 13-15 | 16-18 | 19-21 || total
-------------------------+-------+-------+-------+-------+-------+-------+-------++-------
Melee: Unarmed           |     1 |   125 |   411 |   933 |  1262 |  2003 |   450 ||  5185
       Bite              |       |    20 |    44 |   160 |   204 |   352 |    93 ||   873
       Punch             |       |     2 |    23 |    89 |   153 |   319 |    94 ||   680
 Cast: Confusing Touch   |       |       |    22 |   112 |       |       |       ||   134
       Statue Form       |       |       |       |     4 |   105 |   149 |    26 ||   284
       Swiftness         |       |       |       |       |       |     1 |       ||     1
Invok: Heroism           |       |       |     1 |    50 |    51 |    69 |    18 ||   189
       Finesse           |       |       |       |       |     3 |    13 |     2 ||    18
 Abil: End Transformatio |       |       |       |       |       |     2 |     4 ||     6
Evoke: Wand              |       |       |       |    12 |    14 |    31 |       ||    57
       Lightning rod     |       |       |       |       |       |     2 |       ||     2
       Tin of tremorston |       |       |       |       |       |     1 |     2 ||     3
  Use: Potion            |       |       |     1 |     5 |     2 |     7 |     5 ||    20
       Scroll            |       |       |       |    17 |    14 |    10 |     2 ||    43
 Stab: Sleeping          |     1 |     2 |    46 |    25 |    11 |    20 |     6 ||   111
       Distracted        |       |     1 |     5 |     2 |     2 |     2 |     1 ||    13
       Confused          |       |       |    15 |    71 |       |       |       ||    86
       Petrifying        |       |       |       |       |     1 |       |       ||     1
       Invisible         |       |       |       |       |       |     3 |     2 ||     5
Armor: Skin              |       |     4 |    20 |    86 |   366 |   633 |    73 ||  1182
Dodge: Dodged            |       |    78 |   266 |  1408 |  2280 |  4381 |   720 ||  9133

Levels and vault maps discovered:
D:1:      lightli_arrival_chessboard, layout_rooms,
          shapermc_ecumenical_altar_flowoftime
D:2:      layout_basic, grunt_decor_fettered
D:3:      minmay_diamond_boxcup, layout_loops_corners,
          gammafunk_ghost_abyssal_escape, serial_shops, shop, uniq_terence,
          uniq_natasha, uniq_robin
D:4:      kennysheep_the_goblin_king, layout_loops_cross, xom_teletrap_fun,
          minmay_misc_feat_more_columns, patterned_corridor
D:5:      layout_loops_ring, mainiacjoe_overflow_catwalk,
          minmay_temple_entry_glass, nicolae_ossuary_entry_ruins, serial_rivers,
          chequers_serial_rivers_small_a, chequers_serial_rivers_micro_d,
          chequers_serial_rivers_large_b, chequers_serial_rivers_marsh,
          nicolae_figureground_sparkle, uniq_duvessa, uniq_edmund, uniq_sigmund
D:6:      layout_basic, old_standard_altar, dk_noncrumbling_4, nicolae_sextant,
          minivault_25, chequers_serial_rivers_room_b, uniq_maggie
D:7:      minmay_the_grid_square_5x5_3x3 [minmay_the_grid_square_5x5_inset,
          minmay_the_grid_square_5x5_intrusive_squares,
          minmay_the_grid_square_5x5_minivault,
          minmay_the_grid_square_5x5_two_walls_a,
          minmay_the_grid_square_5x5_megaprize_crossed,
          minmay_the_grid_square_5x5_lines, minmay_the_grid_square_5x5_eight,
          minmay_the_grid_square_5x5_mess, minmay_the_grid_square_5x5_z],
          layout_basic, mainiacjoe_overflow_alcove_2,
          gammafunk_ghost_nasty_kobolds
D:8:      layout_gridville, enter_bailey_1, uniq_gastronok, uniq_pikel,
          uniq_maurice
D:9:      layout_stronghold, mainiacjoe_overflow_chevrons,
          kennysheep_slug_shrine, lair_entry_dummy, minmay_orc_entry_guard_dogs,
          serial_bayou_ford_a
D:10:     layout_long_grid, nicolae_ru_the_path_less_chosen, old_standard_altar,
          water_maze_lemuel, uniq_psyche
D:11:     layout_roguey
D:12:     layout_rooms, grunt_gozag_statues, uniq_jorgrun
D:13:     layout_gridville, grunt_vaults_entry_fortified,
          nicolae_trove_entry_free_sample, uniq_kirke, uniq_nessos
D:14:     layout_cave_pools, ashenzari_altar_1, gauntlet_entry_generic,
          minivault_8
D:15:     gammafunk_enter_depths_forms, layout_basic, serial_shops,
          nicolae_shop_waterfront, ebering_ghost_reflecting_pool, serial_rivers,
          chequers_serial_rivers_micro_b, chequers_serial_rivers_micro_d,
          chequers_serial_rivers_micro_c, chequers_serial_rivers_micro_d,
          chequers_serial_rivers_large_a, pdpol_wu_jian_five_deadly_venoms
Temple:   dpeg_chambers_temple
Lair:1:   layout_regular_city, lemuel_fruit_tree, grunt_megastairs_2
Lair:2:   hangedman_what_comes_after_a, layout_cave_pods,
          skrybe_swamp_entry_bodies, enter_volcano_4, grunt_megastairs_1,
          uniq_urug
Lair:3:   mu_elephants_graveyard, layout_cave_shapes,
          nicolae_spider_entry_tight_spaces, st_stairs_5, wad_woods_01,
          uniq_sonja
Lair:4:   layout_cave_pods, slime_entry_1, nicolae_quartered_pool_impasse,
          worms_lemuel
Lair:5:   hangedman_lair_caniforms_friends, layout_long_grid, wormcave,
          disabler_island
Swamp:1:  layout_basic_swamp, portal_ice_cave_entry_ice_statue_two,
          evilmike_swamp_ruin_house_2
Swamp:2:  layout_falls_marsh, serial_swamp_ruin, evilmike_swamp_ruin_house_4,
          evilmike_swamp_ruin_house_3
Swamp:3:  layout_falls_marsh, nicolae_swamp_decorative_isthmus,
          beargit_elvish_explorers
Swamp:4:  byrel_swamp_growth_death_and_undeath, layout_basic_swamp
Spider:1: layout_chambers, uniq_azrael
Spider:2: layout_spider_delve, hangedman_spider_tarantella_strand, uniq_aizul
Spider:3: layout_spider_delve
Spider:4: spider_rune_water, hellmonk_narrow_tunnel, uniq_donald, uniq_arachne
Orc:1:    layout_caves
Orc:2:    st_orc_congregation, layout_caves
Vaults:1: hangedman_vaults_capsules, v_pattern_2,
          nicolae_vaults_big_angled_halls, vaults_room_pools,
          nicolae_vaults_stairing_the_circle, ontoclasm_vaults_idyll,
          nicolae_vaults_puzzle_piece, hangedman_vaults_corner, v_misc_33,
          nicolae_vaults_little_squares_2, vaults_room_hallway,
          nicolae_vaults_little_squares_3, v_misc_23, vaults_room_door_ring,
          vaults_room_pools, grunt_vaults_focal, layout_vaults_omnibox
Vaults:2: v_rooms_6, v_rooms_2, vaults_room_boxed,
          minmay_crypt_entry_simple_box, hangedman_vaults_slice,
          vaults_standard_mumra_lines, ontoclasm_vaults_claustrophobia,
          layout_vaults_omnigrid, uniq_zenata
Vaults:3: hangedman_vaults_maws, hangedman_vaults_river_flow,
          hangedman_vaults_slither, hangedman_vaults_cutoff, v_misc_19,
          vaults_room_stairs_pillars, nicolae_vaults_alarming,
          nicolae_vaults_yaktaur_gun_rack, layout_vaults_chaotic_city,
          serial_shops, nicolae_shop_crystal, nicolae_shop_hallway_plus,
          uniq_margery
Vaults:4: vaults_room_large_hall, nicolae_vaults_network_quinsquares
          [nicolae_vaults_network_quincunx_subvault,
          nicolae_vaults_network_quincunx_subvault,
          nicolae_vaults_network_quincunx_subvault,
          nicolae_vaults_network_quincunx_subvault],
          nicolae_vaults_big_angled_halls, grunt_vaults_hallway_short,
          dpeg_vaults_monster_box, v_misc_28, st_eye, v_misc_32,
          hangedman_vaults_stitches, v_misc_5, nicolae_vaults_specimen_jars,
          serial_ice_h, vaults_room_stairs_pillars,
          nicolae_vaults_little_squares_5, layout_vaults_big_cross,
          serial_shops, shop, shop, nicolae_shop_overgrown_old_shop,
          nicolae_square_shop, shop, uniq_bai_suzhen

Notes
Turn   | Place    | Note
-------+----------+-------------------------------------------
     0 | D:5      | sanka the Felid Delver began the quest for the Orb.
     0 | D:5      | Reached XP level 1. HP: 10/10 MP: 2/2
    11 | D:5      | Found a blossoming altar of Fedhas.
    11 | D:5      | Noticed a scorpion
    23 | D:5      | Found a sand-covered staircase.
    23 | D:5      | Noticed Sigmund
    27 | D:5      | Killed Sigmund
    28 | D:5      | Reached skill level 5 in Unarmed Combat
    28 | D:5      | Reached XP level 2. HP: 14/14 MP: 3/3
    28 | D:5      | Reached XP level 3. HP: 17/17 MP: 4/4
    28 | D:5      | Reached XP level 4. HP: 21/21 MP: 5/5
    28 | D:5      | Reached XP level 5. HP: 24/24 MP: 6/6
    36 | Ossuary  | Entered an ossuary
   190 | Ossuary  | Reached skill level 6 in Unarmed Combat
   632 | Ossuary  | Gained mutation: You are covered in thick fur. (AC +2)
                  | [Felid growth]
   632 | Ossuary  | Reached XP level 6. HP: 22/28 MP: 7/7
  1025 | Ossuary  | Reached skill level 7 in Unarmed Combat
  1381 | Ossuary  | Reached XP level 7. HP: 21/31 MP: 8/8
  1396 | Ossuary  | Reached skill level 8 in Unarmed Combat
  2428 | Ossuary  | Reached skill level 9 in Unarmed Combat
  2801 | D:5      | Reached XP level 8. HP: 25/34 MP: 9/9
  3084 | D:5      | Found a staircase to the Ecumenical Temple.
  3092 | Temple   | Entered the Ecumenical Temple
  3338 | Temple   | Became a worshipper of Warmaster Okawaru
  3379 | D:5      | Noticed Duvessa
  3379 | D:5      | Noticed Dowan
  3463 | Temple   | Reached skill level 10 in Unarmed Combat
  3463 | Temple   | Reached skill level 3 in Dodging
  4133 | D:3      | Noticed Natasha
  4151 | D:3      | Killed Natasha
  4152 | D:3      | Reached skill level 4 in Dodging
  4266 | D:3      | Found a transporter.
  4919 | D:1      | Found a faded altar of an unknown god.
  4977 | D:1      | Learned a level 3 spell: Confusing Touch
  5586 | D:2      | Reached skill level 1 in Hexes
  5698 | D:3      | Found a one-way gate to the infinite horrors of the Abyss.
  5698 | D:3      | Noticed Notanamesir's ghost (amateur DsFi)
  5703 | D:3      | Found a transporter.
  5758 | D:3      | Noticed Terence
  5760 | D:3      | Killed Terence
  5780 | D:3      | Noticed Robin
  5781 | D:3      | Killed Robin
  5782 | D:3      | Reached skill level 1 in Spellcasting
  5806 | D:3      | Noticed Natasha
  5815 | D:3      | Killed Natasha
  5816 | D:3      | Reached skill level 2 in Hexes
  5893 | D:3      | Found Ses Piatir's Assorted Antiques.
  5900 | D:3      | Bought a twisted citrine amulet for 135 gold pieces
  6044 | D:3      | Noticed Natasha
  6053 | D:3      | Killed Natasha
  6404 | D:4      | Found a shimmering altar of Xom.
  6706 | D:4      | Reached skill level 3 in Hexes
  6728 | D:4      | Reached skill level 2 in Spellcasting
  6885 | D:4      | Reached skill level 4 in Hexes
  7105 | D:4      | Reached skill level 3 in Spellcasting
  7114 | D:5      | Reached skill level 5 in Hexes
  7375 | D:5      | Reached XP level 9. HP: 37/37 MP: 13/15
  7503 | D:5      | Reached * piety under Okawaru
  7697 | D:5      | Noticed Edmund
  7713 | D:5      | Killed Edmund
  7714 | D:5      | Reached skill level 6 in Hexes
  7719 | D:5      | Reached skill level 1 in Invocations
  8017 | D:6      | Identified +0 steam dragon scales
  8017 | D:6      | Noticed Maggie
  8031 | D:6      | Killed Maggie
  8032 | D:6      | Reached skill level 4 in Spellcasting
  8032 | D:6      | Reached skill level 2 in Invocations
  8095 | D:6      | Reached skill level 7 in Hexes
  8128 | D:6      | Found a hide-covered altar of Uskayaw.
  8182 | D:6      | Reached skill level 3 in Invocations
  8764 | D:6      | Learned a level 1 spell: Slow
  8801 | D:7      | Reached skill level 8 in Hexes
  8801 | D:7      | Reached skill level 4 in Invocations
  8815 | D:7      | Reached skill level 5 in Dodging
  8851 | D:7      | Reached skill level 6 in Dodging
  9026 | D:7      | Noticed an unseen horror
  9064 | D:6      | Reached ** piety under Okawaru
  9065 | D:6      | Reached skill level 7 in Dodging
  9069 | D:6      | Killed an unseen horror
  9070 | D:6      | Reached skill level 8 in Dodging
  9236 | D:7      | Identified the ring of the Kraken {rN+ Will- MP+9 Slay+2}
  9266 | D:6      | Reached XP level 10. HP: 42/42 MP: 17/17
  9318 | D:6      | Reached skill level 9 in Dodging
  9467 | D:6      | Reached skill level 10 in Dodging
  9660 | D:7      | Reached *** piety under Okawaru
  9786 | D:7      | Found a glowing golden altar of the Shining One.
  9807 | D:7      | Reached skill level 11 in Dodging
  9919 | D:7      | Identified the +4 glaive of Fear {flame, *Slow rPois Will++
                  | Stlth+}
  9929 | D:7      | Found a runed translucent gate.
  9929 | D:7      | Found a runed translucent gate.
  9929 | D:7      | Found a runed translucent gate.
  9935 | D:7      | Noticed PigKeeper's ghost (novice MeTm)
  9977 | D:7      | Learned a level 6 spell: Statue Form
 10136 | D:7      | Identified +0 acid dragon scales
 10409 | D:8      | Noticed Gastronok
 10449 | D:8      | Identified a scroll of acquirement
 10461 | D:8      | Found a flagged portal.
 10525 | D:8      | Reached skill level 12 in Dodging
 10662 | Bailey   | Entered a bailey
 10959 | Bailey   | Acquired 1197 gold pieces
 10961 | Bailey   | Acquired a manual of Dodging
 10967 | Bailey   | Noticed an orc knight
 11010 | Bailey   | Reached skill level 1 in Evocations
 11256 | Bailey   | Killed an orc knight
 11257 | Bailey   | Reached skill level 4 in Fighting
 11257 | Bailey   | Reached skill level 13 in Dodging
 11257 | Bailey   | Reached skill level 2 in Evocations
 11286 | D:8      | Noticed Maurice
 11456 | D:8      | Killed Maurice
 11457 | D:8      | Reached skill level 3 in Evocations
 11573 | D:7      | Reached **** piety under Okawaru
 11792 | D:8      | Noticed Pikel
 12088 | D:8      | Killed Pikel
 12089 | D:8      | Reached skill level 5 in Fighting
 12089 | D:8      | Reached XP level 11. HP: 47/47 MP: 14/18
 12184 | D:8      | Reached skill level 14 in Dodging
 12184 | D:8      | Reached skill level 4 in Evocations
 12496 | D:9      | Found a snail-covered altar of Cheibriados.
 12715 | D:9      | Noticed a two-headed ogre
 12727 | D:9      | Killed a two-headed ogre
 12728 | D:9      | Reached skill level 6 in Fighting
 12728 | D:9      | Reached skill level 15 in Dodging
 12755 | D:9      | Found a basalt altar of Yredelemnul.
 12842 | D:9      | Reached skill level 1 in Transmutations
 12892 | D:9      | Reached skill level 1 in Earth Magic
 12940 | D:9      | Identified the +0 ring mail of the Fuzzy God {MP+9 Dex+2}
 12988 | D:9      | Reached ***** piety under Okawaru
 12989 | D:9      | Reached skill level 2 in Transmutations
 13108 | D:9      | Reached skill level 2 in Earth Magic
 13702 | D:9      | Found a staircase to the Lair.
 13708 | D:9      | Found a staircase to the Orcish Mines.
 13711 | D:9      | Reached skill level 3 in Transmutations
 14119 | D:9      | Reached skill level 5 in Spellcasting
 14507 | D:9      | Found a staircase to the Lair.
 14511 | D:9      | Found a staircase to the Orcish Mines.
 14668 | D:9      | Found a basalt altar of Yredelemnul.
 14920 | D:9      | Found a snail-covered altar of Cheibriados.
 15219 | D:10     | Entered Level 10 of the Dungeon
 15247 | D:10     | Found a sacrificial altar of Ru.
 15328 | D:10     | Reached skill level 3 in Earth Magic
 15398 | D:10     | Reached skill level 4 in Transmutations
 15789 | D:10     | Found a shadowy altar of Dithmenos.
 16146 | D:10     | Noticed Psyche
 16645 | D:11     | Reached skill level 4 in Earth Magic
 16707 | D:11     | Reached skill level 5 in Transmutations
 16967 | D:11     | Noticed a four-headed hydra
 17003 | D:11     | Reached skill level 6 in Spellcasting
 17096 | D:11     | Gained mutation: Your thick and shaggy fur keeps you warm.
                  | (AC +3, rC+) [Felid growth]
 17096 | D:11     | Reached XP level 12. HP: 52/52 MP: 18/22
 17373 | Lair:1   | Entered Level 1 of the Lair of Beasts
 17642 | D:5      | Killed Duvessa
 17659 | D:5      | Killed Dowan
 17909 | D:3      | Killed Notanamesir's ghost
 18318 | Lair:1   | Reached skill level 6 in Transmutations
 18318 | Lair:1   | Reached skill level 5 in Earth Magic
 19089 | Lair:2   | Found a staircase to the Swamp.
 19159 | Lair:2   | Noticed Urug
 19167 | Lair:1   | Reached skill level 7 in Transmutations
 19237 | Lair:2   | Killed Urug
 19238 | Lair:2   | Reached skill level 6 in Earth Magic
 19292 | Lair:2   | Reached skill level 7 in Spellcasting
 19436 | Lair:2   | Reached skill level 8 in Transmutations
 19455 | Lair:2   | Acquired the amulet of Fugunt {RegenMP rElec rC+ Regen+}
 19500 | Lair:2   | Reached skill level 7 in Earth Magic
 19528 | Lair:2   | Reached ****** piety under Okawaru
 19587 | Lair:2   | Reached skill level 9 in Transmutations
 19595 | Lair:2   | Reached XP level 13. HP: 55/55 MP: 16/25
 19750 | Lair:2   | Found a dark tunnel.
 19755 | Volcano  | Entered a volcano
 19782 | Volcano  | Reached skill level 8 in Earth Magic
 19999 | Volcano  | Reached skill level 8 in Spellcasting
 19999 | Volcano  | Reached skill level 10 in Transmutations
 20910 | Lair:2   | Learned a level 2 spell: Blink
 20970 | Lair:3   | Reached skill level 9 in Earth Magic
 21100 | Lair:3   | Reached skill level 11 in Transmutations
 21209 | Lair:3   | Noticed Sonja
 21216 | Lair:3   | Killed Sonja
 21371 | Lair:3   | Noticed a dire elephant
 21390 | Lair:3   | Killed a dire elephant
 21391 | Lair:3   | Reached skill level 10 in Earth Magic
 21459 | Lair:3   | Reached skill level 12 in Transmutations
 21467 | Lair:3   | Found a hole to the Spider Nest.
 21761 | Lair:3   | Reached XP level 14. HP: 60/60 MP: 27/27
 22066 | Lair:4   | Found a viscous altar of Jiyva.
 22066 | Lair:4   | Found a staircase to the Slime Pits.
 22116 | Lair:4   | Reached skill level 13 in Transmutations
 23476 | Lair:4   | Found a viscous altar of Jiyva.
 23477 | Lair:4   | Found a staircase to the Slime Pits.
 23722 | Lair:5   | Entered Level 5 of the Lair of Beasts
 23727 | Lair:5   | Reached skill level 14 in Transmutations
 23790 | Lair:5   | Reached skill level 5 in Invocations
 23951 | Lair:5   | Reached skill level 6 in Invocations
 24084 | Lair:5   | Learned a level 5 spell: Irradiate
 24120 | Lair:5   | Found a runed translucent door.
 24179 | Lair:5   | Reached skill level 7 in Invocations
 24288 | Lair:5   | Reached skill level 8 in Invocations
 24475 | Lair:5   | Reached skill level 9 in Invocations
 24672 | Lair:5   | Reached skill level 1 in Conjurations
 25093 | Lair:5   | Reached XP level 15. HP: 63/63 MP: 28/28
 25275 | Lair:5   | Reached skill level 2 in Conjurations
 25487 | Orc:1    | Entered Level 1 of the Orcish Mines
 25683 | Orc:2    | Entered Level 2 of the Orcish Mines
 25925 | Orc:2    | Found a staircase to the Elven Halls.
 26009 | Orc:2    | Paralysed by an ogre mage for 3 turns
 26081 | Orc:2    | Reached skill level 10 in Invocations
 26246 | Orc:2    | Identified a +2 robe of resistance
 26257 | Orc:2    | Reached skill level 11 in Unarmed Combat
 26265 | Orc:2    | Noticed an orc warlord
 26742 | Orc:2    | Killed an orc warlord
 26835 | Orc:2    | Paralysed by an orc sorcerer for 4 turns
 26996 | Orc:2    | Found Kaupp's Antique Armour Shop.
 26997 | Orc:2    | Found Qooniene's Antique Weapon Boutique.
 26999 | Orc:2    | Found Setoust's General Store.
 26999 | Orc:2    | Found Ydage Dutwua's Jewellery Shop.
 27160 | Orc:2    | Bought an amulet of guardian spirit for 480 gold pieces
 27171 | Orc:2    | Bought a scroll of identify for 24 gold pieces
 27375 | D:3      | Bought a scroll of fear for 108 gold pieces
 27375 | D:3      | Bought a scroll of identify for 54 gold pieces
 27599 | D:12     | Reached skill level 12 in Unarmed Combat
 27663 | D:12     | Noticed Jorgrun
 27670 | D:12     | Killed Jorgrun
 27969 | D:12     | Found an opulent altar of Gozag.
 28230 | D:13     | Learned a level 7 spell: Dragon Form
 28237 | D:13     | Found a portal to a secret trove of treasure.
 28344 | D:13     | Noticed Kirke
 28387 | D:13     | Killed Kirke
 28388 | D:13     | Reached skill level 13 in Unarmed Combat
 28460 | D:13     | Noticed Nessos
 28486 | D:13     | Noticed Nessos
 28486 | D:13     | Nessos changed into Nessos the manticore
 28492 | D:13     | Killed Nessos the manticore
 29419 | D:13     | Reached skill level 14 in Unarmed Combat
 29510 | D:13     | Found a gate to the Vaults.
 29773 | D:13     | Found a portal to a secret trove of treasure.
 29886 | D:13     | Found a gate to the Vaults.
 30189 | D:14     | Found a gate leading to a gauntlet.
 30225 | Gauntlet | Entered a Gauntlet
 30225 | Gauntlet | Found a transporter.
 30225 | Gauntlet | Found a transporter.
 30225 | Gauntlet | Found a runed translucent door.
 30225 | Gauntlet | Found a runed translucent door.
 30236 | Gauntlet | Found a runed translucent door.
 30239 | Gauntlet | Found a transporter.
 30255 | Gauntlet | Found a transporter.
 30255 | Gauntlet | Found a transporter.
 30255 | Gauntlet | Found a transporter.
 30257 | Gauntlet | Found a transporter.
 30257 | Gauntlet | Found a transporter.
 30267 | Gauntlet | Found a runed translucent gate.
 30267 | Gauntlet | Found a runed translucent gate.
 30267 | Gauntlet | Found a runed translucent gate.
 30269 | Gauntlet | Found a transporter.
 30285 | Gauntlet | Found a transporter.
 30295 | Gauntlet | Found a transporter.
 30300 | Gauntlet | Found a transporter.
 30340 | Gauntlet | Found a transporter.
 30352 | Gauntlet | Found a transporter.
 30449 | Gauntlet | Reached XP level 16. HP: 67/67 MP: 26/29
 30792 | D:14     | Found a broken altar of Ashenzari.
 31031 | D:15     | Entered Level 15 of the Dungeon
 31148 | D:15     | Found a runed translucent door.
 31243 | D:15     | Found Bakk's Magic Scroll Shoppe.
 31295 | D:15     | Bought a scroll of blinking for 97 gold pieces
 31295 | D:15     | Bought a scroll of blinking for 97 gold pieces
 31295 | D:15     | Bought a scroll of identify for 26 gold pieces
 31315 | D:15     | Found an ornate altar of the Wu Jian Council.
 31453 | D:15     | Reached skill level 15 in Unarmed Combat
 31455 | D:15     | Reached skill level 15 in Transmutations
 31486 | D:15     | Noticed Yakesh's ghost (journeyman MiFi)
 31502 | D:15     | Killed Yakesh's ghost
 31503 | D:15     | Reached skill level 3 in Conjurations
 31510 | D:15     | Identified the +2 chain mail of Hide-and-Seek {Drain rPois
                  | rCorr Stlth+}
 31660 | D:15     | Found a staircase to the Depths.
 32342 | D:8      | Killed Gastronok
 32343 | D:8      | Reached skill level 16 in Dodging
 32836 | D:10     | Killed Psyche
 33099 | Spider:1 | Entered Level 1 of the Spider Nest
 33108 | Spider:1 | Reached skill level 7 in Fighting
 33248 | Spider:1 | Reached skill level 9 in Spellcasting
 33432 | Spider:1 | Noticed Azrael
 33441 | Spider:1 | Killed Azrael
 33442 | Spider:1 | Reached skill level 4 in Conjurations
 34138 | Spider:1 | Learned a level 2 spell: Passwall
 34143 | Spider:1 | Learned a level 4 spell: Petrify
 34147 | Spider:1 | Learned a level 3 spell: Swiftness
 34270 | Spider:2 | Noticed Aizul
 34288 | Spider:1 | Killed Aizul
 34294 | Spider:1 | Reached skill level 17 in Dodging
 34355 | Spider:1 | HP: 6/89 [radroach (20)]
 34356 | Spider:1 | Gained mutation: You are frail. (-10% HP) [mutagenic glow]
 34418 | Spider:1 | Lost mutation: You are frail. (-10% HP) [potion of
                  | mutation]
 34418 | Spider:1 | Gained mutation: You are strong-willed. (Will+) [potion of
                  | mutation]
 34418 | Spider:1 | Gained mutation: Your system is resistant to poisons.
                  | (rPois) [potion of mutation]
 34800 | Spider:2 | Reached skill level 8 in Fighting
 34800 | Spider:2 | Reached XP level 17. HP: 73/73 MP: 31/31
 35534 | Spider:3 | Reached skill level 18 in Dodging
 35702 | Spider:3 | Reached skill level 10 in Spellcasting
 35728 | Spider:3 | Reached skill level 16 in Transmutations
 36124 | Spider:4 | Entered Level 4 of the Spider Nest
 36189 | Spider:4 | Noticed Donald
 36250 | Spider:4 | Killed Donald
 36251 | Spider:4 | Reached skill level 16 in Unarmed Combat
 36254 | Spider:4 | Reached skill level 9 in Fighting
 36313 | Spider:4 | Noticed Arachne
 36323 | Spider:4 | Killed Arachne
 36346 | Spider:4 | Reached skill level 19 in Dodging
 37206 | Spider:4 | Identified a scarf of resistance
 37270 | Spider:4 | Identified a scarf of resistance
 37284 | Spider:4 | Identified a scarf of resistance
 37302 | Spider:4 | Got a gossamer rune of Zot
 37491 | Swamp:1  | Entered Level 1 of the Swamp
 37648 | Swamp:1  | Found a frozen archway.
 37683 | IceCv    | Entered an ice cave
 37773 | IceCv    | Identified the +6 ice dragon scales of Theory {rF- rC++
                  | rN++ Will- Slay+5}
 37813 | IceCv    | Reached skill level 10 in Fighting
 37813 | IceCv    | Reached XP level 18. HP: 80/80 MP: 29/33
 38157 | IceCv    | Reached skill level 20 in Dodging
 38157 | IceCv    | Reached skill level 17 in Transmutations
 38187 | IceCv    | Identified the +0 pair of gloves of Unambiguity {+Blink}
 38210 | IceCv    | Noticed a shard shrike
 38220 | IceCv    | Killed a shard shrike
 38290 | IceCv    | Identified +1 fire dragon scales
 38662 | Swamp:1  | Reached skill level 1 in Translocations
 38895 | Swamp:1  | Got the Disquisition on Dynamic Translocation
 39028 | Swamp:2  | Reached skill level 1 in Air Magic
 39076 | Swamp:2  | Reached skill level 2 in Translocations
 39365 | Swamp:2  | Reached skill level 3 in Translocations
 39446 | Swamp:2  | Identified 4 potions of resistance
 39463 | Swamp:2  | Reached skill level 2 in Air Magic
 39695 | Swamp:3  | Reached skill level 17 in Unarmed Combat
 40050 | Swamp:3  | Identified +0 swamp dragon scales
 40057 | Swamp:3  | Reached skill level 4 in Translocations
 40264 | Swamp:4  | Entered Level 4 of the Swamp
 40280 | Swamp:4  | Reached skill level 11 in Fighting
 40369 | Swamp:4  | Reached skill level 3 in Air Magic
 40789 | Swamp:4  | Reached XP level 19. HP: 58/86 MP: 34/34
 40898 | Swamp:4  | Found a basalt altar of Yredelemnul.
 40917 | Swamp:4  | Got a decaying rune of Zot
 40939 | Swamp:4  | Found a blossoming altar of Fedhas.
 41403 | Vaults:1 | Entered Level 1 of the Vaults
 41486 | Vaults:1 | Reached skill level 21 in Dodging
 41573 | Vaults:1 | Reached skill level 18 in Transmutations
 41792 | Vaults:1 | Reached skill level 12 in Fighting
 42001 | Vaults:1 | HP: 7/87 [centaur warrior/arrow (22)]
 42008 | Vaults:1 | Slain by a war gargoyle
 42009 | Vaults:1 | Reached XP level 18. HP: 0/84 MP: 33/33
 42289 | Vaults:1 | Reached skill level 18 in Unarmed Combat
 42647 | Vaults:1 | Reached skill level 22 in Dodging
 43019 | Vaults:1 | Reached skill level 13 in Fighting
 44496 | Vaults:2 | Reached XP level 19. HP: 89/90 MP: 34/34
 44722 | Vaults:2 | Identified the +4 arbalest of Giuwyqebb {freeze, Will++
                  | Int+4}
 44841 | Vaults:2 | Noticed Zenata
 44856 | Vaults:2 | HP: 2/117 [+1 vorpal halberd[Zenata] (14)]
 44856 | Vaults:2 | Slain by a +1 vorpal halberd
 44857 | Vaults:2 | Reached XP level 18. HP: 0/113 MP: 33/33
 45058 | Vaults:2 | Found a staircase to the Crypt.
 45081 | Vaults:2 | Reached skill level 19 in Unarmed Combat
 45119 | Vaults:2 | Reached skill level 14 in Fighting
 45430 | Vaults:2 | Killed Zenata
 45719 | Vaults:2 | Found a staircase to the Crypt.
 46984 | Vaults:3 | Found Soofin's Book Emporium.
 47030 | Vaults:3 | Reached skill level 15 in Fighting
 47290 | Vaults:3 | Reached skill level 20 in Unarmed Combat
 47326 | Vaults:3 | Found Taklojes's Assorted Antiques.
 47334 | Vaults:3 | Bought a condenser vane for 1360 gold pieces
 47334 | Vaults:3 | Bought a potion of flight for 102 gold pieces
 47334 | Vaults:3 | Bought a scroll of magic mapping for 255 gold pieces
 47858 | Vaults:3 | Found Soofin's Book Emporium.
 48127 | Vaults:3 | Found Taklojes's Assorted Antiques.
 48824 | Vaults:4 | Found Gusoig's Armour Emporium.
 48873 | Vaults:4 | Found Siuper's Assorted Antiques.
 48881 | Vaults:4 | Bought a scroll of fear for 180 gold pieces
 48881 | Vaults:4 | Bought a potion of curing for 135 gold pieces
 49251 | Vaults:4 | Noticed a tentacled monstrosity
 49280 | Vaults:4 | Reached XP level 19. HP: 80/93 MP: 32/34
 49327 | Vaults:4 | Reached skill level 21 in Unarmed Combat
 49533 | Vaults:4 | Noticed Bai Suzhen
 49722 | Vaults:4 | Found Jegihytiny's Weapon Shop.
 49896 | Vaults:4 | Killed Bai Suzhen
 50101 | Vaults:4 | Found Zutwop's Assorted Antiques.
 50107 | Vaults:4 | Bought a potion of heal wounds for 205 gold pieces
 50107 | Vaults:4 | Bought a potion of curing for 123 gold pieces
 50107 | Vaults:4 | Bought a scroll of blinking for 307 gold pieces
 50107 | Vaults:4 | Acquired 1005 gold pieces
 50309 | Vaults:4 | Reached skill level 22 in Unarmed Combat
 50443 | Vaults:4 | Found Leiro's Antique Armour Shop.
 50513 | Vaults:4 | Mangled by a vault warden

Vanquished Creatures
  Bai Suzhen (Vaults:4)
  A shard shrike (IceCv)
  Arachne (Spider:4)
  Zenata (Vaults:2)
  2 tentacled monstrosities (Vaults:4)
  Jorgrun (D:12)
  Gastronok (D:8)
  2 thorn hunters (Swamp:4)
  A sphinx (Vaults:4)
  Donald (Spider:4)
  A tengu reaver (Vaults:4)
  Kirke (D:13)
  A shadow dragon (Vaults:4)
  2 fenstrider witches (Swamp:2)
  A frost giant (Vaults:3)
  Aizul (Spider:1)
  4 ghost moths
  11 emperor scorpions
  2 orc warlords
  13 vault wardens
  A ghoul (Vaults:2)
  2 broodmothers (Spider:3)
  15 ironbound preservers
  2 vampire knights (Swamp:4)
  9 ironbound thunderhulks
  A stone giant (Vaults:4)
  4 eleionomae
  The ghost of Yakesh the Fencer, a journeyman MiFi of Okawaru (D:15)
  2 war gargoyles (Vaults:1)
  6 very ugly things
  Azrael (Spider:1)
  20 dire elephants
  A minotaur (Gauntlet)
  A white draconian (IceCv)
  4 bunyips
  5 entropy weavers
  3 spark wasps
  3 shambling mangroves (Swamp:4)
  3 crystal guardians
  9 yaktaur captains
  6 great orbs of eyes
  6 peacekeepers
  19 hydras
  13 vault guards
  A ghost crab (Swamp:2)
  An ice dragon (Lair:5)
  6 boulder beetles
  23 centaur warriors
  12 ironbound frosthearts
  An ogre mage (Orc:2)
  6 radroaches
  6 tengu warriors
  A jorogumo (Spider:1)
  2 catoblepae (Lair:5)
  9 two-headed ogres
  10 alligators
  Urug (Lair:2)
  A shock serpent (shapeshifter) (D:15)
  Sonja (Lair:3)
  A vampire mage (Vaults:2)
  4 orc high priests (Orc:2)
  A hell knight (Volcano)
  A deep elf knight (Swamp:3)
  A salamander mystic (Volcano)
  A fire crab (Gauntlet)
  A storm dragon zombie (Vaults:4)
  6 pharaoh ants
  3 sixfirhies (Gauntlet)
  2 sun moths (Spider:4)
  5 swamp dragons
  5 goliath frogs
  2 orange crystal statues
  4 spriggan druids
  8 steelbarb worms
  31 deep trolls
  9 orb spiders
  A glowing orange brain (D:15)
  3 bog bodies
  18 ironbound convokers
  Pikel (D:8)
  A phantasmal warrior (Vaults:4)
  3 harpies (Vaults:1)
  2 deep elf archers
  3 spectral hydras (Swamp:4)
  16 lindwurms
  8 orc knights
  6 wizards
  2 necromancers
  4 will-o-the-wisps
  35 ugly things
  5 orc sorcerers
  5 salamanders (Volcano)
  4 cyclopes
  17 wolf spiders
  7 oklob plants
  4 manticores
  3 moths of wrath
  Maurice (D:8)
  29 elephants
  5 molten gargoyles (D:14)
  12 vault sentinels
  2 black mambas
  2 ice statues (Swamp:1)
  Maggie (D:6)
  Psyche (D:10)
  9 torpor snails
  9 cane toads
  12 komodo dragons
  24 rime drakes
  30 yaktaurs
  6 demonic crawlers
  2 unseen horrors
  A rime drake (shapeshifter) (Vaults:2)
  A freezing wraith (D:14)
  A yaktaur (shapeshifter) (D:15)
  2 tengu conjurers (D:13)
  4 hydra zombies (Swamp:4)
  3 death drake zombies (Swamp:4)
  A bloated husk (Swamp:1)
  A shadow dragon simulacrum (Vaults:4)
  28 polar bears
  A queen bee (Lair:2)
  10 tyrant leeches
  3 meliai
  17 hornets
  3 trolls
  73 slime creatures
  3 raiju
  24 tarantellas
  A hydra skeleton (Swamp:4)
  11 blink frogs
  A fire giant simulacrum (Vaults:4)
  12 dream sheep (Lair:5)
  32 jumping spiders
  Sigmund (D:5)
  A flying skull (Vaults:2)
  12 spriggans
  2 wraiths
  3 shadows
  29 culicivoras
  A vampire (D:12)
  2 fire elementals (Spider:1)
  33 yaks
  2 fire bats (Gauntlet)
  6 humans (D:13)
  12 wyverns
  8 basilisks
  2 hogs (D:13)
  13 vampire mosquitoes
  The ghost of Notanamesir the Chopper, an amateur DsFi of Dithmenos (D:3)
  44 redbacks
  23 swamp worms
  11 wargs
  2 acid dragons (D:7)
  Edmund (D:5)
  A glowing shapeshifter zombie (Vaults:4)
  18 hell hounds
  3 hydra simulacra (Swamp:4)
  19 water moccasins
  Duvessa (D:5)
  3 swamp drakes (Swamp:4)
  16 black bears
  2 ice beasts
  37 orc warriors
  A swamp dragon zombie (Swamp:4)
  2 sky beasts
  9 boggarts
  10 ogres
  A swamp dragon skeleton (Swamp:4)
  40 wolves
  3 phantoms
  A small abomination (D:3)
  7 centaurs
  4 lemures (D:8)
  3 kobold brigands
  13 bullfrogs
  14 scorpions
  A necrophage (D:4)
  5 wights
  Dowan (D:5)
  61 killer bees
  7 howler monkeys
  6 electric eels
  4 centaur zombies (Ossuary)
  3 jellies
  5 hounds
  4 human zombies
  15 orc priests
  A gnoll bouda (D:6)
  6 iguanas
  Terence (D:3)
  Natasha (thrice) (D:3)
  26 orc wizards
  4 scorpion zombies (Ossuary)
  3 mummies (Ossuary)
  Robin (D:3)
  9 gnolls
  8 adders
  A river rat (Lair:2)
  2 shadow imps (D:7)
  2 white imps
  2 dart slugs
  70 orcs
  8 ball pythons
  5 bats
  4 endoplasms
  3 giant cockroaches
  15 goblins
  10 hobgoblins
  20 jackals
  2 quokkas
  A frilled lizard (D:3)
  3 gnoll zombies (Ossuary)
  2 goblin zombies (Ossuary)
  4 hobgoblin zombies (Ossuary)
  12 kobolds
  2 kobold zombies (Ossuary)
  3 orc zombies (Ossuary)
  8 rats
1648 creatures vanquished.

Vanquished Creatures (collateral kills)
  2 killer bees (D:9)
2 creatures vanquished.

Vanquished Creatures (others)
  A vault sentinel (Vaults:1)
  3 bloated husks
  A redback (Spider:4)
  A killer bee (D:9)
  2 orc priests (Orc:2)
  An orc (D:5)
  8 foxfires
  94 fungi
  128 plants
239 creatures vanquished.

Grand Total: 1889 creatures vanquished
